 Dungeon Crawl Stone Soup version 0.30.0-19-g36f170ea60 (webtiles) character file.

Game seed: 12810355329687960622

49 Irreverend the Ruffian (level 3, -3/36 HPs)
             Began as a Troll Fighter on May 30, 2023.
             Slain by Crazy Yiuf
             ... wielding a +4 quarterstaff of chaos
              (11 damage)
             ... on level 2 of the Dungeon.
             The game lasted 00:01:18 (1272 turns).

Irreverend the Ruffian (Troll Fighter)              Turns: 1272, Time: 00:01:18

Health: -3/36      AC:  4    Str: 24    XL:     3   Next: 53%
Magic:  2/2        EV:  8    Int:  6    God:
Gold:   93         SH:  7    Dex:  9    Spells: 2/2 levels left

rFire   + .          .
                       - Unarmed
rCold   . . .        b - +0 kite shield
rNeg    . . .        a - +0 robe
rPois   .            (helmet restricted)
rElec   .            (no cloak)
rCorr   .            (gloves unavailable)
SInv    .            (boots unavailable)
Will    .....        (no amulet)
Stlth   +            g - ring of protection from fire
HPRegen 1.06/turn    (no ring)
MPRegen 0.08/turn

%: no passive effects
@: lethally poisoned (-3 -> -5)
A: large, unfitting armour, claws 3, regeneration 1, shaggy fur 1, tough skin 1
a: no special abilities


You were on level 2 of the Dungeon.
You visited 1 branch of the dungeon, and saw 2 of its levels.

You collected 93 gold pieces.

Inventory:

Missiles
 f - 2 throwing nets (quivered)
Armour
 a - a +0 robe (worn)
 b - a +0 kite shield (worn)
Jewellery
 g - a ring of protection from fire (left claw)
Scrolls
 d - a scroll of enchant armour {unknown}
 i - 3 scrolls of identify {unknown}
 k - a scroll of fear {unknown}
Potions
 c - a potion of might
 e - a potion of berserk rage {unknown}
 h - a potion of mutation {unknown}
 j - a potion of curing {unknown}


   Skills:
 + Level 2.8 Fighting
 - Level 2.4 Dodging
 + Level 3.1 Shields
 * Level 3.1 Unarmed Combat


You had 2 spell levels left.
You didn't know any spells.
Your spell library was empty.

Dungeon Overview and Level Annotations

Branches:
Dungeon (2/15)

Altars:

Annotations:
D:2 Crazy Yiuf


Innate Abilities, Weirdness & Mutations

You are too large for most types of armour.
You have claws for hands.
Your natural rate of healing is unusually fast.
You are covered in fur. (AC +1)
You have tough skin. (AC +1)


Message History

No target in view!
You now have 93 gold pieces (gained 8).
There is a stone staircase leading up here.
Could not explore, unopened runed door.
As you open the door, it creaks loudly!
Crazy Yiuf shouts!
Crazy Yiuf screams, "Buddy King senile!"
Crazy Yiuf hits you with a +4 quarterstaff of chaos!
You are poisoned.
There is an open translucent door, spattered with blood here.
You barely miss Crazy Yiuf.
You feel very sick.
Crazy Yiuf hits you with a +4 quarterstaff of chaos!
* * * LOW HITPOINT WARNING * * *
You are too injured to fight recklessly!
You are too injured to fight recklessly!
You are too injured to fight recklessly!
You are too injured to fight recklessly!
You are too injured to fight recklessly!
You are too injured to fight recklessly!
You are too injured to fight recklessly!
You are too injured to fight recklessly!
You are too injured to fight recklessly!
You are too injured to fight recklessly!
You are too injured to fight recklessly!
You are too injured to fight recklessly!
You are too injured to fight recklessly!
You are too injured to fight recklessly!
You are too injured to fight recklessly!
You are too injured to fight recklessly!
You are too injured to fight recklessly!
You are too injured to fight recklessly!
You are too injured to fight recklessly!
You are too injured to fight recklessly!
You are too injured to fight recklessly!
You are too injured to fight recklessly!
You claw Crazy Yiuf!
Crazy Yiuf is heavily wounded.
You feel sick.
Crazy Yiuf hits you with a +4 quarterstaff of chaos!
You die...

#.###...# #..........#
#.##....#####......######
#.##.#..##.######### #..#
####### #[...#.....#
##.###...).. ###..##....#
##### #.).........
###..##..#.# #..)#
#........... ...>.......#
#...# ####.#......
###.......## #.g.#
#........ #.....##†)# #@#
###....... #.##..##..##
♣♣.♣ ###.........
..##.......# ♣.♣♣
#...##...... ..#....#...#
♣♣.♣ ########....
.....###...# ♣.♣♣ #.....
..#..##....# ♣♣.♣♣ #.....
..#.>##...## ♣...♣♣
#.###. .....##...# ♣....♣
#.#... ###..##...# ##..##
#######.....


You could see Crazy Yiuf.

Vanquished Creatures
  An adder (D:2)
  2 worms (D:2)
  3 endoplasms
  2 giant cockroaches
  2 goblins
  2 hobgoblins (D:1)
  4 quokkas
  2 ball pythons (D:2)
  6 bats
  A frilled lizard (D:1)
  3 kobolds
  4 rats (D:1)
32 creatures vanquished.

Notes
Turn   | Place    | Note
-------+----------+-------------------------------------------
     0 | D:1      | Irreverend the Troll Fighter began the quest for the Orb.
     0 | D:1      | Reached XP level 1. HP: 22/22 MP: 0/0
   189 | D:1      | Found a faded altar of an unknown god.
   252 | D:1      | Reached XP level 2. HP: 29/29 MP: 1/1
   951 | D:2      | Reached XP level 3. HP: 31/36 MP: 2/2
  1150 | D:2      | Found a runed translucent door.
  1151 | D:2      | Noticed Crazy Yiuf
  1272 | D:2      | Slain by Crazy Yiuf

Illustrated notes

Levels and vault maps discovered:
D:1:      minmay_arrival_solitary_statue, layout_basic,
          ebering_ecumenical_altar_webs
D:2:      layout_rooms, uniq_crazy_yiuf_cottage

Skill      XL: |  1  2  3 |
---------------+----------+-----
Shields        | 3 |  3.1
Unarmed Combat | 3 |  3.1
Fighting       | |  2.8
Dodging        | |  2.4

Action                     || total
---------------------------++-------
  Melee: Unarmed           ||    84
   Stab: Sleeping          ||     1
 Armour: Robe              ||    31
  Dodge: Dodged            ||    29
  Block: Kite shield       ||    35
